 Dungeon Crawl Stone Soup version 0.26-a0-491-g70697cc071 (webtiles) character file.

Game seed: 14822565331457235941

63 ANON1729 the Sneak (level 3, -3/31 HPs)
             Began as a Palentonga Delver on Aug 4, 2020.
             Killed by nerve-wracking pain
             ... invoked by an orc priest
              (13 damage)
             ... on level 4 of the Dungeon.
             The game lasted 00:00:17 (53 turns).

ANON1729 the Sneak (Palentonga Delver)                Turns: 53, Time: 00:00:18

Health: -3/31      AC:  4    Str: 16    XL:     3   Next: 89%
Magic:  3/3        EV: 10    Int: 10    God:
Gold:   11         SH:  0    Dex: 11    Spells: 2/2 levels left

rFire    . . .     SeeInvis +   a - +0 falchion
rCold    . . .     Faith    .   (no shield)
rNeg     . . .     Spirit   .   b - +0 leather armour
rPois    .         Reflect  .   (no helmet)
rElec    .         Harm     .   (no cloak)
rCorr    .                      (no gloves)
MR       .....                  (boots restricted)
Stlth    ++........             (no amulet)
HPRegen  0.10/turn              (no ring)
MPRegen  0.08/turn              (no ring)

@: no status effects
A: large, rugged brown scales 3, see invisible, deformed body, roll, armoured
tail
a: Rolling Charge


You were on level 4 of the Dungeon.
You visited 1 branch of the dungeon, and saw 2 of its levels.

You collected 11 gold pieces.

Inventory:

Hand Weapons
 a - a +0 falchion (weapon)
Armour
 b - a +0 leather armour (worn)
Wands
 g - a wand of digging (3)
Scrolls
 c - a scroll of fog
 d - a scroll of magic mapping
 e - 2 scrolls of fear
Potions
 f - a potion of haste


   Skills:
 + Level 3.5 Fighting
 + Level 2.7 Long Blades
 + Level 2.1 Dodging
 + Level 3.7 Stealth


You had 2 spell levels left.
You didn't know any spells.
Your spell library was empty.

Dungeon Overview and Level Annotations

Branches:
Dungeon (5/15)
 Temple: D:4-7

Altars:


Innate Abilities, Weirdness & Mutations

You are completely covered in rugged brown scales. (AC +3, +7% HP)
You have supernaturally acute eyesight. (SInv)
Armour fits poorly on your strangely shaped body.
You can roll at foes to attack.
You have a long armoured tail.


Message History

You hit the bullfrog.
You kill the bullfrog!
Your Dodging skill increases to level 2!
You have reached level 2!
You have reached level 3!
Your experience leads to an increase in your attributes!
Increase (S)trength, (I)ntelligence, or (D)exterity?
You feel stronger.
The orc priest hits you but does no damage.
You hit the orc priest.
The orc priest is lightly wounded.
You hit the orc priest.
The orc priest is moderately wounded.
The orc priest closely misses you.
You hit the orc priest.
The orc priest is severely wounded.
The orc hits you.
The orc priest calls down the wrath of Beogh upon you.
Pain shoots through your body!
You die...

# .. ... ....
.....
......####
......woo###
<.....##@..#
..... ##..##
#### #..## #.##
.######.#
........##
#######..######
#........#
#........#


You could see a worm, an orc priest and an orc.

Vanquished Creatures
  A bullfrog (D:4)
  An orc (D:4)
2 creatures vanquished.

Notes
Turn   | Place    | Note
-------+----------+-------------------------------------------
     0 | D:5      | ANON1729 the Palentonga Delver began the quest for the Orb.
     0 | D:5      | Reached XP level 1. HP: 19/19 MP: 1/1
    44 | D:4      | Noticed a bullfrog
    44 | D:4      | Noticed an orc priest
    50 | D:4      | Killed a bullfrog
    50 | D:4      | Reached XP level 2. HP: 9/25 MP: 2/2
    50 | D:4      | Reached XP level 3. HP: 11/31 MP: 3/3
    53 | D:4      | Killed from afar by an orc priest

Illustrated notes

Levels and vault maps discovered:
D:4:      layout_rooms, grunt_temple_overflow_diamond,
          lightli_ossuary_entry_decrepit_ruins, minmay_misc_feat_more_columns,
          uniq_eustachio
D:5:      corexii_shack_village, layout_layer_cave,
          minmay_temple_entry_metal_lava, basic_altar, grunt_decor_fettered,
          kennysheep_cluttered_room, uniq_sigmund

Skill      XL: |  1 |
---------------+----+-----
Dodging        | 2 |  2.1
Fighting       | |  3.5
Long Blades    | |  2.7
Stealth        | |  3.7

Action                   || total
-------------------------++-------
Melee: Falchion          ||     8
       Tailslap          ||     2
Armor: Leather armour    ||     2
Dodge: Dodged            ||     2

Table legend: (Time is in decaauts)
 A = Elapsed time spent in this place.
 B = Non-inter-level travel time spent in this place.
 C = Inter-level travel time spent in this place.
 D = Time resting spent in this place.
 E = Time spent auto-exploring this place.
 F = Levels seen in this place.
 G = Mean time per level.
                   A        B        C        D        E       F      G
               +--------+--------+--------+--------+--------+-----+--------+
         Total |     54 |     48 |      6 |      0 |     35 |   2 |   27.0 |
       Dungeon |     54 |     48 |      6 |      0 |     35 |   2 |   27.0 |
               +--------+--------+--------+--------+--------+-----+--------+

Top non-repeatable levels by time:
     D:4: 36 daAuts
     D:5: 18 daAuts
